 Dungeon Crawl Stone Soup version 0.29.1-1-gd02db6906a (webtiles) character file.

Game seed: 12732308151556685931

51 Danto the Cudgeller (level 3, -4/23 HPs)
             Began as a Gargoyle Fighter on Oct 2, 2022.
             Slain by an orc
             ... wielding a +0 flail
              (8 damage)
             ... on level 3 of the Dungeon.
             The game lasted 00:08:31 (1995 turns).

Danto the Cudgeller (Gargoyle Fighter)              Turns: 1995, Time: 00:08:32

Health: -4/23      AC: 11    Str: 21    XL:     3   Next: 81%
Magic:  3/3        EV:  9    Int:  8    God:
Gold:   47         SH:  4    Dex:  9    Spells: 2/2 levels left

rFire   . . .      SeeInvis .   a - +0 flail
rCold   . . .      Faith    .   c - +0 buckler
rNeg    + . .      Spirit   .   b - +0 scale mail
rPois   ∞          Reflect  .   (no helmet)
rElec   +          Harm     .   (no cloak)
rCorr   .          Rampage  .   k - +0 pair of gloves
Will    .....                   (no boots)
Stlth   ..........              (no amulet)
HPRegen 0.07/turn               (no ring)
MPRegen 0.08/turn               (no ring)

@: mighty
A: sickness immunity, AC +3, negative energy resistance 1, electricity
resistance, torment resistance 1, petrification resistance
a: no special abilities


You were on level 3 of the Dungeon.
You visited 1 branch of the dungeon, and saw 3 of its levels.

You collected 47 gold pieces.

Inventory:

Hand Weapons
 a - a +0 flail (weapon)
Armour
 b - a +0 scale mail (worn)
 c - a +0 buckler (worn)
 k - a +0 pair of gloves (worn)
Scrolls
 e - a scroll of vulnerability {unknown}
 f - 4 scrolls of identify {unknown}
 i - 3 scrolls of poison {unknown}
 m - a scroll of teleportation {unknown}
Potions
 d - a potion of might
 g - 2 potions of curing {unknown}
 h - a potion of ambrosia {unknown}
 j - 2 potions of magic {unknown}
 l - a potion of invisibility {unknown}


   Skills:
 - Level 3.3 Fighting
 * Level 4.0 Maces & Flails
 - Level 3.3 Armour
 - Level 3.3 Shields


You had 2 spell levels left.
You didn't know any spells.
Your spell library contained the following spells:

 Spells                   Type           Power      Damage    Failure   Level
 Gell's Gravitas          Tloc           0%         N/A       99%         3
 Lesser Beckoning         Tloc           0%         N/A       99%         3
 Teleport Other           Tloc           0%         N/A       99%         3


Dungeon Overview and Level Annotations

Branches:
Dungeon (3/15)

Altars:


Innate Abilities, Weirdness & Mutations

You are immune to sickness and miasma.
Your stone body is resilient. (AC +3)
You are immune to poison.
You resist negative energy. (rN+)
You are resistant to electric shocks. (rElec)
You are resistant to unholy torment.
You are immune to petrification.


Message History

The giant cockroach attacks as you move away!
The giant cockroach bites you.
You barely miss the orc. The adder barely misses you.
An orc comes into view. It is wielding a +0 war axe.
The adder bites you but does no damage. The orc attacks as you move away!
The orc hits you with a +0 war axe! The orc barely misses you.
The orc attacks as you move away! The orc hits you with a +0 mace.
* * * LOW HITPOINT WARNING * * *
You sock the orc!
You kill the orc!
You block the orc's attack.
You closely miss the orc. The orc barely misses you.
You barely miss the orc. The orc hits you but does no damage.
You closely miss the orc. The orc hits you but does no damage.
The orc closely misses you.
You sock the orc!
You kill the orc!
The adder bites you but does no damage.
You sock the adder!
You kill the adder!
The ball python bites you.
* * * LOW HITPOINT WARNING * * *
The ball python grabs you. The ball python constricts you.
* * * LOW HITPOINT WARNING * * *
You feel very mighty all of a sudden.
The ball python bites you but does no damage.
The ball python constricts you.
You hit the ball python.
You kill the ball python!
You block the giant cockroach's attack.
You sock the giant cockroach!
You kill the giant cockroach!
You sock the orc!
You kill the orc!
You sock the orc!
You kill the orc!
Your Maces & Flails skill increases to level 4!
You barely miss the orc. The orc hits you with a +0 flail!
You die...

## #.# #. #.# #
).##### #.#
#.##.#...# #.#
.....#...# #.#
.$.....†.## #.#
..........# #.#
..........#### #@#
.........<...###o#
.!...#...o..S....#
..##.####..o#.....#
. #? #...####.## .
##..# #.# o #..#
#.# .... ..# #.#...
###


You could see an orc.

Vanquished Creatures
  An adder (D:3)
  4 orcs (D:3)
  4 endoplasms
  5 giant cockroaches
  2 goblins
  A hobgoblin (D:2)
  4 kobolds
  A quokka (D:1)
  6 ball pythons
  2 bats
  2 frilled lizards (D:1)
  4 rats (D:1)
36 creatures vanquished.

Notes
Turn   | Place    | Note
-------+----------+-------------------------------------------
     0 | D:1      | Danto the Gargoyle Fighter began the quest for the Orb.
     0 | D:1      | Reached XP level 1. HP: 14/14 MP: 1/1
   269 | D:1      | Reached XP level 2. HP: 19/19 MP: 2/2
   303 | D:1      | Found a faded altar of an unknown god.
   533 | D:1      | Reached skill level 3 in Maces & Flails
  1208 | D:2      | Reached XP level 3. HP: 23/23 MP: 3/3
  1995 | D:3      | Reached skill level 4 in Maces & Flails
  1995 | D:3      | Slain by an orc

Illustrated notes

Levels and vault maps discovered:
D:1:      mushboom_english_gardens, layout_basic,
          hellmonk_ecumenical_altar_blasted, minmay_misc_feat_roman
D:2:      layout_basic
D:3:      layout_rooms, lemuel_round_altar, uniq_crazy_yiuf_cottage, uniq_ijyb

Skill      XL: |  1  2  3 |
---------------+----------+-----
Maces & Flails | 3 4 |  4.0
Fighting       | |  3.3
Armour         | |  3.3
Shields        | |  3.3

Action                   || total
-------------------------++-------
Melee: Flail             ||    94
  Use: Potion            ||     1
Armor: Scale mail        ||    54
Dodge: Dodged            ||    55
Block: Buckler           ||    22
